Map: Oxide LE

Players

PureLegacy - Winner!

  • Race: Terran Terran

Nina

  • Race: Protoss Protoss
  • League: Grandmaster

Event: DreamHack SC2 Masters 2021 Summer

VOD

Have the link to the VOD?

Description

Time

  • Played on: May 27, 2021, 4:46 p.m.
  • Length: 17:25

All games in this series

Show
View Real Time Build Order
Export as new Build Order

PureLegacy Terran - Winner!

Build Orders: Hellion Opening, Reaper Expand 

Get SALT Encoding   

  12  0:01  SCV  
  13  0:13  SCV  
  14  0:17  Supply Depot  
  14  0:25  SCV  
  15  0:39  SCV  
  15  0:40  Barracks  
  16  0:44  Refinery  
  16  0:51  SCV  
  17  1:03  SCV  
  18  1:15  SCV  
  19  1:28  Reaper, Orbital Command  
  20  1:41  Command Center  
  20  1:49  Supply Depot  
  20  1:53  SCV  
  21  1:59  Marine  
  22  2:05  SCV  
  22  2:08  Factory  
  23  2:17  Bunker  
  23  2:20  SCV  
  23  2:22  Barracks Reactor  
  24  2:26  Refinery  
  24  2:32  SCV  
  25  2:44  SCV  
  26  2:55  Starport  
  26  2:57  Orbital Command  
  26  3:01  SCV  
  26  3:04  Hellion x2  
  31  3:08  Barracks Tech Lab  
  31  3:13  SCV  
  32  3:22  SCV  
  32  3:25  Hellion x2  
  37  3:30  SCV  
  37  3:31  Medivac  
  40  3:35  Reaper  
  40  3:36  SCV, Supply Depot  
  42  3:43  SCV  
  42  3:46  Hellion  
  42  3:48  SCV  
  44  3:49  Hellion  
  44  3:55  SCV  
  44  4:00  SCV  
  44  4:01  Supply Depot  
  45  4:02  Starport Tech Lab  
  45  4:08  SCV  
  46  4:12  SCV  
  47  4:18  Marine x2  
  47  4:19  Barracks x2  
  47  4:20  SCV  
  47  4:21  Siege Tank  
  47  4:23  Supply Depot  
  53  4:24  SCV  
  53  4:27  Refinery  
  54  4:32  SCV  
  54  4:33  Raven  
  54  4:37  Marine x2  
  59  4:52  SCV  
  53  4:54  Marine  
  53  4:55  Marine  
  53  4:57  SCV  
  54  5:00  Command Center  
  54  5:02  Refinery, Engineering Bay  
  54  5:06  SCV  
  55  5:09  SCV  
  56  5:18  SCV  
  56  5:20  Factory Reactor  
  56  5:21  Marine x3, Stimpack  
  57  5:22  Combat Shield  
  57  5:23  SCV, Marine  
  62  5:28  Viking  
  62  5:31  Supply Depot  
  62  5:34  SCV  
  62  5:35  SCV  
  64  5:42  Marauder x2, Missile Turret  
  68  5:44  Marine x2  
  70  5:50  Supply Depot  
  70  5:51  Terran Infantry Weapons Level 1  
  70  5:52  SCV  
  70  5:55  Supply Depot  
  70  5:56  SCV  
  72  6:03  Marine x2  
  74  6:04  SCV  
  70  6:11  Medivac  
  70  6:12  Medivac  
  70  6:17  SCV  
  70  6:18  SCV, Orbital Command  
  76  6:22  Marauder  
  76  6:23  Marauder, Marine x2  
  82  6:26  Supply Depot  
  82  6:34  Barracks  
  82  6:36  Barracks  
  82  6:37  SCV  
  82  6:38  SCV  
  84  6:43  Orbital Command  
  84  6:46  Marauder x2  
  88  6:48  Marine x2  
  88  6:49  Medivac x2  
  94  6:59  SCV x2  
  94  7:00  Supply Depot  
  95  7:07  Marauder x2  
  99  7:10  SCV  
  99  7:11  SCV x2  
  99  7:13  Marine x2  
  104  7:22  SCV, Viking x2  
  109  7:23  SCV  
  109  7:27  Barracks Reactor, Barracks Tech Lab  
  109  7:28  Marauder  
  109  7:29  Marauder  
  114  7:31  Marine x2  
  114  7:32  SCV, Supply Depot  
  114  7:34  SCV  
  114  7:35  SCV  
  119  7:44  SCV  
  119  7:45  Terran Infantry Armor Level 1  
  119  7:46  SCV  
  119  7:50  Marauder x2  
  111  8:03  Marauder  
  111  8:05  Medivac x2  
  117  8:11  Marauder x2, Concussive Shells  
  116  8:13  Factory Reactor  
  116  8:14  Starport, SCV  
  116  8:15  SCV  
  116  8:19  Marine x3  
  118  8:20  Marine  
  118  8:21  SCV, Supply Depot  
  118  8:24  Marauder, Missile Turret  
  118  8:25  Engineering Bay, Missile Turret  
  118  8:26  SCV, Armory  
  124  8:27  Missile Turret  
  124  8:30  Refinery x2, SCV  
  124  8:33  Marauder x2  
  124  8:34  SCV  
  130  8:39  SCV, Marine x2  
  133  8:43  Marine x2  
  133  8:46  Marauder, Supply Depot  
  133  8:47  Supply Depot  
  137  8:50  Supply Depot  
  129  9:08  Marauder x3, Marine x3  
  129  9:09  Viking x2  
  133  9:11  SCV x3  
  133  9:14  Sensor Tower  
  136  9:18  Marine  
  136  9:21  Terran Infantry Weapons Level 2, Supply Depot  
  137  9:29  Command Center  
  137  9:32  Marauder  
  137  9:34  Terran Ship Weapons Level 1  
  137  9:36  Supply Depot  
  137  9:37  Marauder x2, Marine x4  
  147  9:43  Ghost Academy  
  147  9:46  Terran Infantry Armor Level 2  
  147  9:47  Supply Depot  
  147  9:56  Marauder  
  147  9:57  Viking x3  
  155  10:00  Viking  
  138  10:09  Marine x2  
  138  10:14  Marauder, Marine  
  117  10:23  Marine  
  117  10:26  Barracks  
  117  10:27  SCV x3  
  117  10:28  Barracks x2, Fusion Core  
  125  10:35  Marine x2  
  125  10:37  Ghost x3  
  125  10:39  SCV  
  125  10:42  Marine x2  
  130  10:46  Planetary Fortress  
  130  10:47  SCV  
  133  10:56  Sensor Tower  
  133  10:57  Marine x2  
  133  10:58  Enhanced Shockwaves  
  133  11:03  SCV x2  
  133  11:04  SCV  
  138  11:06  Marauder x2, Marine x2  
  138  11:08  Missile Turret  
  144  11:15  SCV  
  144  11:16  SCV x2  
  147  11:22  Barracks Tech Lab x2, Marauder  
  147  11:23  Liberator x2  
  147  11:24  Advanced Ballistics  
  155  11:27  Marauder  
  155  11:28  Refinery  
  155  11:29  Refinery  
  157  11:34  Barracks Tech Lab, Marauder  
  157  11:36  Liberator  
  157  11:38  SCV x4  
  158  11:49  Marauder x2, Marine  
  153  11:58  Marauder x2, Marine x4  
  160  12:06  Marauder  
  160  12:07  Marine  
  162  12:10  SCV x3, Marine  
  162  12:11  Marauder  
  162  12:15  Command Center  
  162  12:17  Marauder  
  162  12:18  Terran Infantry Weapons Level 3, Terran Infantry Armor Level 3  
  162  12:19  Marauder  
  164  12:26  Marine x2  
  164  12:27  Marine  
  164  12:29  Terran Ship Weapons Level 2  
  169  12:30  Marauder, Marine x2  
  169  12:32  Marauder  
  169  12:33  Marine  
  174  12:40  Marauder  
  174  12:41  Marauder  
  178  12:44  Marine  
  178  12:45  Liberator x2  
  178  12:48  Marauder, Marine x2  
  191  12:51  Marauder  
  191  12:52  Marauder  
  187  13:05  Marine x2  
  188  13:06  Marauder  
  188  13:11  Marine x3  
  188  13:12  Marauder  
  189  13:13  Marine x2  
  189  13:14  Marauder, Medivac  
  189  13:15  Medivac  
  184  13:23  Marine x2  
  160  13:27  Marauder, Liberator  
  160  13:29  Marine x2  
  160  13:30  Marauder, Medivac  
  160  13:31  Marauder, Marine  
  160  13:33  Marauder  
  158  13:35  Marine  
  158  13:41  Marine x2  
  160  13:44  Medivac  
  160  13:46  Medivac  
  160  13:47  Marine x2  
  167  13:49  Marauder x2  
  167  13:50  Marine  
  167  13:52  Marine x2  
  167  13:53  Missile Turret  
  167  13:55  Marauder  
  171  13:58  Marine  
  171  13:59  Marine  
  170  14:04  Marine  
  170  14:05  Marine  
  170  14:09  Marauder, Marine  
  173  14:10  Marine x2  
  173  14:11  Marauder  
  173  14:13  Liberator x2  
  173  14:16  Marauder, Marine  
  173  14:17  Liberator  
  187  14:22  Planetary Fortress  
  190  14:28  Marauder  
  181  14:39  Medivac  
  181  14:40  Ghost, Marine x4  
  181  14:41  Marauder x2  
  187  14:45  Marine  
  187  14:46  Marauder  
  187  14:49  Marine  
  191  14:56  Liberator  
  191  14:57  Liberator  
  194  15:04  Marauder, Marine  
  150  15:08  Marine  
  150  15:09  Marauder x4, Marine x3  
  157  15:21  Liberator  
  157  15:22  Marine  
  157  15:26  Marauder, Marine x2  
  157  15:27  Marauder, Marine  
  157  15:28  Liberator  
  171  15:30  Marauder, Marine  
  171  15:35  Marine  
  155  15:36  Marauder  
  155  15:39  Liberator  
  155  15:40  Liberator, Missile Turret  
  163  15:50  Ghost  
  163  15:52  Marine  
  163  15:53  Marauder, Marine  
  166  16:02  Marine x2  
  166  16:03  Marauder  
  152  16:07  Marine  
  152  16:10  Marine  
  152  16:11  Marauder, Marine  
  152  16:14  Liberator x2  
  152  16:15  Command Center  
  152  16:17  Command Center  
  158  16:20  Marine  
  158  16:21  Marauder  
  158  16:24  Marauder, Marine x2  
  165  16:27  Marine  
  165  16:28  Marine x2  
  152  16:33  Marauder  
  152  16:34  Marine  
  152  16:38  Marine  
  145  16:41  Marine, Liberator  
  145  16:42  Marauder x2  
  145  16:45  Marine x3  
  145  16:46  Marine  
  147  16:51  Medivac  
  147  16:52  Marine  
  138  17:04  Marine  
Show
View Real Time Build Order
Export as new Build Order

Nina Protoss 

Build Orders: 1 Gate Expand, Colossus Rush 

Get SALT Encoding   

  12  0:00  Probe  
  13  0:12  Probe  
  14  0:21  Pylon  
  14  0:24  Probe  
  15  0:39  Probe (Chrono Boost)  
  15  0:41  Gateway  
  17  0:50  Probe (Chrono Boost)  
  17  0:55  Probe (Chrono Boost)  
  18  1:02  Assimilator  
  18  1:05  Probe  
  19  1:17  Probe  
  20  1:30  Cybernetics Core  
  20  1:37  Nexus  
  20  1:41  Pylon  
  20  1:43  Probe  
  21  1:50  Assimilator  
  21  1:55  Probe  
  22  2:04  Stalker (Chrono Boost)  
  22  2:07  Probe (Chrono Boost)  
  25  2:08  Warp Gate  
  25  2:19  Probe (Chrono Boost)  
  26  2:26  Probe (Chrono Boost)  
  26  2:27  Stalker  
  29  2:33  Probe  
  30  2:49  Probe (Chrono Boost), Robotics Facility  
  30  2:50  Probe (Chrono Boost)  
  32  2:58  Probe (Chrono Boost), Sentry  
  36  3:00  Probe (Chrono Boost)  
  36  3:03  Probe (Chrono Boost)  
  37  3:10  Probe  
  38  3:15  Probe  
  39  3:21  Gateway  
  39  3:22  Probe  
  39  3:24  Stalker  
  42  3:27  Probe  
  42  3:33  Pylon  
  43  3:34  Probe  
  43  3:35  Pylon  
  43  3:37  Observer (Chrono Boost)  
  43  3:39  Probe  
  46  3:51  Probe  
  45  3:57  Probe  
  45  4:01  Observer (Chrono Boost)  
  46  4:03  Probe  
  46  4:05  Robotics Bay  
  46  4:07  Assimilator x2  
  46  4:09  Probe  
  48  4:15  Probe  
  49  4:20  Pylon  
  49  4:22  Probe, Stalker  
  49  4:23  Warp Prism  
  54  4:27  Probe  
  54  4:30  Stalker  
  57  4:34  Probe  
  58  4:39  Probe  
  56  4:46  Probe  
  51  4:54  Probe  
  51  4:57  Gravitic Drive  
  51  4:58  Probe  
  53  5:02  Disruptor (Chrono Boost)  
  53  5:06  Probe  
  57  5:10  Probe  
  57  5:13  Pylon  
  58  5:18  Probe  
  59  5:22  Probe, Forge  
  59  5:24  Sentry  
  59  5:26  Nexus  
  62  5:30  Observer, Probe, Twilight Council  
  62  5:35  Probe  
  64  5:36  Observer  
  64  5:39  Pylon  
  64  5:42  Probe  
  65  5:44  Pylon  
  65  5:45  Colossus (Chrono Boost)  
  65  5:47  Probe  
  72  5:53  Pylon  
  72  5:54  Probe  
  73  5:59  Probe, Protoss Ground Weapons Level 1  
  74  6:05  Observer  
  74  6:06  Probe  
  74  6:11  Probe  
  76  6:14  Observer  
  74  6:18  Probe, Zealot x2  
  74  6:21  Charge, Shield Battery  
  74  6:23  Probe  
  74  6:24  Extended Thermal Lance  
  80  6:25  Gateway  
  80  6:31  Probe  
  81  6:35  Colossus (Chrono Boost), Shield Battery  
  86  6:40  Probe  
  86  6:41  Probe  
  86  6:45  Zealot  
  90  6:48  Zealot  
  90  6:49  Probe  
  90  6:52  Probe  
  90  6:53  Probe  
  95  7:00  Gateway  
  95  7:01  Probe, Gateway  
  95  7:04  Probe  
  96  7:12  Sentry x2  
  96  7:13  Assimilator  
  96  7:14  Probe  
  96  7:15  Probe, Pylon  
  102  7:16  Probe  
  102  7:19  Observer (Chrono Boost)  
  102  7:20  Gateway  
  104  7:26  Probe  
  104  7:27  Probe  
  104  7:28  Probe  
  104  7:29  Pylon  
  107  7:30  Pylon  
  107  7:33  Assimilator  
  107  7:34  Gateway  
  107  7:36  Observer (Chrono Boost)  
  108  7:37  Zealot x2  
  108  7:38  Probe  
  108  7:39  Probe  
  108  7:40  Stalker  
  108  7:44  Probe  
  113  7:55  Stalker  
  113  7:57  Zealot  
  113  7:58  Zealot x2  
  102  7:59  Probe  
  102  8:03  Zealot  
  102  8:04  Probe  
  102  8:05  Probe  
  92  8:08  Colossus (Chrono Boost)  
  93  8:12  Probe  
  93  8:15  Stalker  
  93  8:18  Stalker x3  
  93  8:19  Stalker  
  103  8:22  Observer  
  103  8:27  Protoss Ground Weapons Level 2 (Chrono Boost)  
  103  8:29  Sentry  
  105  8:40  Pylon, Sentry  
  106  8:41  Robotics Facility  
  106  8:45  Pylon  
  106  8:46  Zealot x2  
  106  8:47  Zealot x2  
  114  8:54  Colossus  
  114  8:55  Zealot  
  112  9:12  Pylon  
  112  9:16  Forge  
  112  9:17  Pylon  
  112  9:19  Blink, Stalker x2  
  112  9:21  Stalker x2  
  112  9:22  Stalker  
  122  9:26  Zealot  
  124  9:35  Disruptor  
  124  9:38  Stalker  
  129  9:42  Stalker x2  
  129  9:45  Pylon  
  133  9:48  Disruptor, Shield Battery  
  133  9:50  Zealot x2  
  140  9:56  Zealot x2  
  123  10:07  Zealot x3  
  123  10:08  Observer  
  123  10:11  Disruptor (Chrono Boost)  
  104  10:15  Zealot x2  
  104  10:20  Stalker  
  104  10:21  Stalker  
  96  10:27  Stalker x3  
  103  10:33  Disruptor (Chrono Boost)  
  102  10:38  Stalker x2  
  102  10:41  Protoss Ground Armor Level 1 (Chrono Boost)  
  102  10:42  Observer (Chrono Boost)  
  107  10:49  Photon Cannon  
  107  10:50  Stalker x3  
  107  10:51  Stalker  
  113  10:57  Observer (Chrono Boost)  
  113  11:00  Zealot  
  113  11:01  Observer, Zealot x2  
  121  11:04  Observer (Chrono Boost)  
  121  11:09  Disruptor (Chrono Boost)  
  121  11:16  Stalker x4  
  132  11:21  Observer  
  133  11:30  Nexus, Stalker  
  135  11:33  Zealot x2  
  139  11:42  Zealot x4  
  143  11:55  Pylon  
  143  11:57  Pylon  
  143  12:05  Observer, Protoss Ground Weapons Level 3 (Chrono Boost)  
  146  12:18  Probe, Observer  
  146  12:21  Colossus (Chrono Boost)  
  146  12:30  Templar Archives, Zealot x3  
  146  12:31  Sentry x2  
  146  12:32  Disruptor (Chrono Boost)  
  146  12:33  Probe  
  146  12:34  Stalker x2  
  164  12:47  Shield Battery  
  164  12:58  Stalker x5  
  174  13:01  Disruptor, Zealot  
  171  13:11  Zealot  
  152  13:22  Zealot x4  
  152  13:23  Probe, Disruptor  
  144  13:27  Probe  
  144  13:31  Probe  
  144  13:33  Shield Battery  
  140  13:34  Protoss Ground Armor Level 2 (Chrono Boost)  
  140  13:35  Photon Cannon  
  140  13:36  Disruptor  
  140  13:37  Pylon  
  143  13:52  Zealot x5  
  150  13:56  Probe  
  150  13:59  Disruptor  
  151  14:03  Stalker x2  
  151  14:06  Probe  
  151  14:07  Photon Cannon  
  156  14:10  Dark Shrine  
  156  14:18  Stalker x5  
  166  14:25  Observer  
  166  14:30  Stalker x2  
  156  14:41  Stalker x2  
  156  14:42  Stalker x3  
  166  14:46  Observer  
  167  14:56  Assimilator x2, Stalker x2  
  133  15:07  Disruptor  
  133  15:10  Zealot x4  
  136  15:25  Dark Templar x3  
  142  15:35  Nexus  
  138  15:38  Dark Templar  
  138  15:41  Archon  
  140  15:43  Archon  
  140  15:46  Stalker x2  
  144  15:52  Stalker  
  140  15:59  Disruptor  
  123  16:11  Stalker x3  
  123  16:12  Stalker  
  123  16:13  Stalker  
  131  16:20  Stalker x2  
  113  16:36  Dark Templar  
  113  16:37  Dark Templar x3  
  102  16:48  Stalker x2  
  102  16:53  Archon  
  106  16:54  Archon  
  106  16:55  Probe  
  98  17:03  Stalker  
  84  17:09  Zealot x4  
  84  17:15  Zealot x2  
Tags
 
Add a new tag
Caveats
  • Supply blocks, unpowered buildings, or Contaminate may cause inaccurate times.
  • Supply counts are checked every 10 seconds.